 Dungeon Crawl Stone Soup version 0.19-a0-1111-gcceb26a (webtiles) character file.

32 Deeps the Firebug (level 3, 0/26 HPs)
             Began as a Draconian Fire Elementalist on Aug 10, 2016.
             Slain by a gnoll
             ... wielding a +0 spear
              (10 damage)
             ... on level 2 of the Dungeon.
             The game lasted 00:01:16 (719 turns).

Deeps the Firebug (Draconian Fire Elementalist)      Turns: 719, Time: 00:01:16

Health: 0/26       AC:  5    Str: 10    XL:     3   Next: 10%
Magic:  1/6        EV: 12    Int: 16    God:
Gold:   117        SH:  0    Dex: 11    Spells: 1 memorised, 6 levels left

rFire  . . .     SeeInvis .     f - +2 dagger (holy)
rCold  . . .     Gourm    .     (armour unavailable)
rNeg   . . .     Faith    .     (no shield)
rPois  .         Spirit   .     (helmet restricted)
rElec  .         Dismiss  .     (no cloak)
rCorr  .         Reflect  .     (no gloves)
SustAt .         Harm     .     (no boots)
MR     .....                    (no amulet)
Stlth  ++........               (no ring)
                                (no ring)

@:
A: unfitting armour, cold-blooded, AC +5
a: no special abilities


You were on level 2 of the Dungeon.
You were not hungry.

You visited 1 branch of the dungeon, and saw 2 of its levels.

You collected 117 gold pieces.

Inventory:

Hand Weapons
 f - a +2 dagger of holy wrath (weapon)
Scrolls
 c - a scroll of random uselessness {unknown}
 g - a scroll of fear {unknown}
 h - a scroll of amnesia {unknown}
 j - a scroll of blinking {unknown}
 m - 2 scrolls of identify {unknown}
Potions
 e - a potion of invisibility {unknown}
 i - a potion of magic {unknown}
 k - a potion of mutation {unknown}
 l - a potion of brilliance {unknown}
Books
 a - a book of Flames

   Spells                             Type                      Level
   a - Flame Tongue                   Conjuration/Fire             1
   b - Throw Flame                    Conjuration/Fire             2
   c - Conjure Flame                  Conjuration/Fire             3
   d - Inner Flame                    Hexes/Fire                   3
   e - Sticky Flame                   Conjuration/Fire             4
   f - Fireball                       Conjuration/Fire             5
Comestibles
 b - a bread ration
 d - 3 fruits


   Skills:
 - Level 1.7 Dodging
 - Level 1.7 Stealth
 + Level 2.5 Spellcasting
 + Level 1.9 Conjurations
 + Level 3.4 Fire Magic


You had 6 spell levels left.
You knew the following spells:

 Your Spells              Type           Power        Failure   Level  Hunger
a - Flame Tongue          Conj/Fire      ##...        10%         1    #......


Dungeon Overview and Level Annotations

Branches:
Dungeon (2/15)

Altars:


Innate Abilities, Weirdness & Mutations

Your plain brown scales are hard. (AC +5)
Your body does not fit into most forms of armour.
You are cold-blooded and may be slowed by cold attacks.


Message History

Casting: Flame Tongue
Confirm with . or Enter, or press ? or * to list all spells.
Aiming: Flame Tongue
Press: ? - help, Shift-Dir - straight line, f - gnoll, p - gnoll
Aim: a gnoll, wielding a spear (severely wounded)
The flame tongue hits the gnoll.
The gnoll is almost dead.
The gnoll misses you.
There isn't anything here!
Sorry, you're not good enough to have a special ability.
The gnoll hits you but does no damage.
There is a stone staircase leading up here.
Your magical contamination has completely faded away.
The gnoll closely misses you. x2
The gnoll completely misses you.
The gnoll hits you from afar with a spear!
The gnoll closely misses you. The gnoll misses you.
The gnoll barely misses you.
The gnoll hits you from afar with a spear!
You die...

#.#############
#.#.....#.....##
####.......)..@...##
##...)...†..........#
.................gg..#
................<....#
....................#
#..................#
#..................#
#.................##
######.#.....#.....##


You could see 2 gnolls.

Vanquished Creatures
  A gnoll (D:2)
  A dart slug (D:1)
  A bat (D:1)
  2 giant cockroaches (D:1)
  A goblin (D:1)
  2 hobgoblins
  2 jackals (D:1)
  3 giant newts (D:1)
  7 kobolds (D:1)
  2 rats
22 creatures vanquished.

Notes
Turn   | Place    | Note
-------+----------+-------------------------------------------
     0 | D:1      | Deeps the Draconian Fire Elementalist began the quest for the Orb.
     0 | D:1      | Reached XP level 1. HP: 14/14 MP: 3/3
   121 | D:1      | Reached XP level 2. HP: 18/20 MP: 1/5
   696 | D:2      | Reached XP level 3. HP: 16/26 MP: 1/6
   719 | D:2      | Slain by a gnoll

Vault maps used:
D:1:      dpeg_arrival_court, minmay_tetromino_s4
D:2:      first_bread

Action                   || total
-------------------------++-------
Melee: Unarmed           ||    15
       Dagger            ||    14
       Tailslap          ||     2
 Cast: Flame Tongue      ||    27
 Stab: Sleeping          ||     1
Armor: Skin              ||    14
Dodge: Dodged            ||    39
